 Dungeon Crawl Stone Soup version 0.22.1-2-g9c5b331 (webtiles) character file.

20 WarriorsX the Skirmisher (level 2, -2/24 (25) HPs)
             Began as a Ghoul Warper on Dec 29, 2018.
             Slain by a kobold
             ... wielding a +0 whip
              (4 damage)
             ... on level 1 of the Dungeon.
             The game lasted 00:02:34 (315 turns).

WarriorsX the Skirmisher (Ghoul Warper)              Turns: 315, Time: 00:02:35

HP:   -2/24 (25)    AC:  3    Str: 14    XL:     2   Next: 79%
MP:   3/3           EV: 11    Int:  8    God:
Gold: 32            SH:  0    Dex:  8    Spells: 4/4 levels left

rFire    . . .     SeeInvis .   a - +0 spear
rCold    + . .     Gourm    .   (no shield)
rNeg     + + +     Faith    .   b - +0 leather armour
rPois    ∞         Spirit   .   (no helmet)
rElec    .         Reflect  .   i - scarf {cloud immunity}
rCorr    .         Harm     .   (no gloves)
MR       .....                  (no boots)
Stlth    +.........             (no amulet)
HPRegen  0.00/turn              (no ring)
MPRegen  0.08/turn              (no ring)

@: rotting
A: rotting body, claws 1, carnivore, cold resistance 1, negative energy
resistance 3, inhibited regeneration, torment resistance, unbreathing
a: no special abilities


You were on level 1 of the Dungeon.
You were not hungry.

You visited 1 branch of the dungeon, and saw 1 of its levels.

You collected 32 gold pieces.

Inventory:

Hand Weapons
 a - a +0 spear (weapon)
Missiles
 e - 5 tomahawks of dispersal (quivered)
Armour
 b - a +0 leather armour (worn)
 i - a scarf of cloud immunity (worn)
Scrolls
 c - a scroll of enchant armour {unknown}
 d - a scroll of blinking
Potions
 g - a potion of lignification {unknown}
 h - a potion of curing {unknown}
Comestibles
 f - a ration


   Skills:
 + Level 2.9 Fighting
 + Level 2.4 Polearms
 - Level 0.8 Throwing
 - Level 0.8 Armour
 - Level 1.7 Dodging
 - Level 1.7 Spellcasting
   Level 2.6 Translocations


You had 4 spell levels left.
You didn't know any spells.
Your spell library contained the following spells:

 Spells                   Type           Power        Failure   Level  Hunger
 Blink                    Tloc           N/A          22%         2    ###....
 Shroud of Golubria       Chrm/Tloc      #.........   36%         2    ###....
 Gell's Gravitas          Tloc           #.........   41%         3    ####...
 Lesser Beckoning         Tloc           #.........   41%         3    ####...
 Teleport Other           Tloc           #.......     41%         3    ####...
 Passage of Golubria      Tloc           N/A          83%         4    #####..


Dungeon Overview and Level Annotations

Branches:
Dungeon (1/15)

Altars:


Innate Abilities, Weirdness & Mutations

Your body is rotting away.
You thrive on raw meat.
You are immune to poison.
You have sharp fingernails.
You are carnivorous and can eat meat at any time.
Your flesh is cold resistant. (rC+)
You are immune to negative energy. (rN+++)
You do not regenerate when monsters are visible.
You are immune to unholy pain and torment.
You can survive without breathing.


Message History

Press: ? - help, Dir - move target cursor, f/p - kobold
Aim: a kobold, wielding a whip You reach to attack!
You hit the kobold.
The kobold is moderately wounded.
The bat barely misses you.
Attack whom?
Press: ? - help, Dir - move target cursor, f/p - kobold
Aim: a kobold, wielding a whip (moderately wounded)
The bat is in the way.
You barely miss the bat. The bat hits you but does no damage.
You closely miss the kobold.
The kobold is moderately wounded.
The kobold completely misses you. The goblin hits you but does no damage.
You hit the kobold.
The kobold is severely wounded.
The kobold barely misses you. The goblin barely misses you.
You closely miss the kobold.
The kobold is severely wounded.
The kobold hits you with a whip.
You die...

......#........# #..#.###.#≈≈#.#.
...#........##.# ##.##.#.......#.
...#...#.##.# #.##.####.##..#.
#.####.#.##.# ##..#.#..######.
.......#)...# #...#..##..#.##.
.#......##...... ##.##.##.##.#.#.
b#......+ .#######≈.#.###..#.#.#.
##......# # #.g.#≈.##.###.#.###.
###.....# #@#.##.#..#.##.##.
#.......######+#K#...##..##.#..#.
#.#..#.......g..b####....#.#.#.#.
#................# #.≈.<#.#≈.##.
####.............#≈≈≈######.#.##.
# #..............#.h≈ ..###...
###.#............#≈. ####..##.
..#.#..#######'#.#≈ #####.
#.#.##.# #.#.#. #.


You could see a goblin, a bat and a kobold.

Vanquished Creatures
  An ooze (D:1)
  2 goblins (D:1)
  3 hobgoblins (D:1)
  A jackal (D:1)
  2 kobolds (D:1)
  4 bats (D:1)
  A frilled lizard (D:1)
  A rat (D:1)
15 creatures vanquished.

Notes
Turn   | Place    | Note
-------+----------+-------------------------------------------
     0 | D:1      | WarriorsX the Ghoul Warper began the quest for the Orb.
     0 | D:1      | Reached XP level 1. HP: 17/17 MP: 2/2
   139 | D:1      | Reached XP level 2. HP: 13/24 MP: 3/3
   315 | D:1      | Slain by a kobold

Skill      XL: |  1 |
---------------+----+-----
Polearms       | 2 |  2.4
Fighting       | |  2.9
Throwing       | |  0.8
Armour         | |  0.8
Dodging        | |  1.7
Spellcasting   | |  1.7
Translocations | |  2.6

Action                   || total
-------------------------++-------
Melee: Spear             ||    94
  Eat: Chunk             ||     9
Armor: Leather armour    ||    39
Dodge: Dodged            ||    72
